← All builds
Geo sea / Armada / Economy first / OBSERVED BUILD

Standard geo sea

Standard Geo sea play: bot lab then shipyard in the cove, an early submarine and destroyer to contest the sea, geothermal around 7:40 to fund the later fleet transition.

Usually shipyard in the cove (87%)

#naval #eco · 729 distinct matches · 101 players · 81% of Armada Geo sea games · team won 54% of 778 · Recently observed

HOW TO PLAY IT

Key timing: Shipyard by 3:13

  1. Open 3 mex and wind into Bot Lab.
  2. Put up Shipyard with naval turret and BP for defense.
  3. Send out "submarine" then "destroyer" to contest the sea.
  4. Bring geothermal online to fund the fleet.
  5. Add Advanced Metal Extractor as the economy transitions.

Phase by phase

TYPICAL OF ITS 729 GAMES
  1. 1
  2. 2
  3. 3
  4. 4
PLAY THE OPENING

Follow the example game's first 6:00 step by step: what to build now, what comes next, and where it goes. At 1× it keeps pace with your own game.

  1. 1

    Up to the Bot Lab

    Economy
    • Metal Extractor3Mex
    • Wind Turbine3Wind
    Order
    1. Bot LabBot Lab after 3 mex, 3 winddone ~1:12, middle half 1:06–1:18

    Some games also: wind for allies (44%)

    By 0:55 in all: 3 mex · 3 wind

    The example game in this phase · 4 steps
    1. Mex ×3
    2. Wind ×2for Air
    3. Wind ×2
    4. Bot LabBot Labdone 1:12 · typical 1:12
  2. 2

    Bot Lab to Shipyard

    Economy
    • Metal Extractor1Mex
    • Wind Turbine1Wind
    Order
    1. ShipyardShipyard after 4 mex, 4 winddone ~3:11, middle half 2:50–3:36
    Builders
    • Construction Bot3 Con bot
    • Lazarus2 Lazarus

    Some games also: pawn (44%) · con turret (38%) · crossbow (35%)

    By 2:48 in all: 4 mex · 4 wind

    The example game in this phase · 15 steps
    1. CrossbowCrossbow
    2. Wind ×2
    3. CrossbowCrossbow
    4. Wind ×2
    5. LazarusLazarus
    6. Wind ×2
    7. Construction BotCon bot ×3
    8. Energy storage
    9. LazarusLazarus
    10. Mex
    11. PawnPawn
    12. Mex
    13. Con turret
    14. Mex
    15. ShipyardShipyarddone 4:05 · typical 3:11
  3. 3

    Shipyard to 5:00

    Economy
    • Metal Extractor4Mex
    • Wind Turbine1Wind
    Builders
    • Construction Ship1 Con ship
    Army
    • Dolphin3 Dolphin
    • Skater1 Skater
    • Corsair1 Destroyer
    Other
    • Radar Tower1 Radar Tower

    Some games also: Sentry (44%) · submarine (44%) · converter (32%) · con turret (31%) · pawn (31%)

    By 5:00 in all: 8 mex · 7 wind · 1 energy storage · 1 con turret

    The example game in this phase · 10 steps
    1. Mex
    2. DolphinDolphin
    3. Mex
    4. DolphinDolphin ×2
    5. Construction ShipCon ship
    6. Radar TowerRadar Tower
    7. Grim ReaperGrim Reaper
    8. Wind
    9. Mex ×2
    10. EllysawFrigate
  4. 4

    5:00 to 10:00

    Economy
    • Metal Extractor2Mex
    • Wind Turbine12Wind
    • Energy Converter2Converter
    Builders
    • Construction Turret1 Con turret
    • Construction Ship1 Con ship
    • Grim Reaper1 Grim Reaper
    Army
    • Sentry1 Sentry
    • Dolphin5 Dolphin
    • Corsair2 Destroyer
    • Skater2 Skater

    Some games also: Radar Tower (49%) · frigate (40%) · geo (40%) · Harpoon (39%) · Naval Construction Turret (33%)

    By 10:00 in all: 11 mex · 19 wind · 1 geo · 4 converter · 1 energy storage · 2 con turret

    The example game in this phase · 128 steps
    1. Converter
    2. Wind
    3. Mex
    4. EllysawFrigate
    5. Wind ×2
    6. CorsairDestroyerdone 5:43 · typical 5:35
    7. Wind
    8. Radar TowerRadar Tower
    9. Wind ×2
    10. SupporterGunboat
    11. Wind
    12. SkaterSkater
    13. SentrySentry
    14. Converter
    15. SentrySentry
    16. Mex
    17. CorsairDestroyer
    18. Converter
    19. Mex
    20. CorsairDestroyer
    21. Wind
    22. Geothermal PowerplantGeodone 9:15 · typical 7:45
    23. SentrySentry
    24. Naval Radar / Sonar TowerNaval Radar / Sonar Tower
    25. DolphinDolphin
    26. SkaterSkater
    27. Wind
    28. Construction ShipCon ship
    29. Grim ReaperGrim Reaper
    30. SentrySentry
    31. Wind ×2
    32. Naval Construction Turret
    33. CorsairDestroyer
    34. Wind ×2
    35. SentrySentry
    36. Wind
    37. CorsairDestroyer
    38. Wind
    39. SkaterSkater
    40. Wind
    41. Naval Radar / Sonar TowerNaval Radar / Sonar Tower
    42. Advanced Metal ExtractorT2 mexdone 9:21 · typical 9:17
    43. CorsairDestroyer
    44. Wind ×3
    45. CorsairDestroyer
    46. Wind
    47. SkaterSkater
    48. Construction ShipCon ship
    49. Mex
    50. Wind
    51. Construction ShipCon ship
    52. Wind
    53. Converter
    54. Construction ShipCon ship
    55. Advanced Metal ExtractorT2 mex
    56. Wind ×2
    57. Mex
    58. Grim ReaperGrim Reaper
    59. Naval Construction Turret
    60. Wind
    61. Naval Construction Turret
    62. Wind
    63. Grim ReaperGrim Reaper
    64. Converter
    65. Naval Construction Turret
    66. Mex
    67. Naval Construction Turret
    68. Tidal
    69. Wind
    70. Tidal ×2
    71. Naval Radar / Sonar TowerNaval Radar / Sonar Tower
    72. Grim ReaperGrim Reaper
    73. Tidal ×2
    74. SkaterSkater
    75. Tidal
    76. Advanced Metal ExtractorT2 mex
    77. Wind
    78. Bot LabBot Labdone 10:38
    79. SkaterSkater
    80. TickTick
    81. SkaterSkater
    82. TickTick ×2
    83. SkaterSkater
    84. TickTick ×2
    85. SkaterSkater
    86. TickTick
    87. Wind
    88. Naval Energy Storage
    89. SkaterSkater
    90. TickTick
    91. Naval Radar / Sonar TowerNaval Radar / Sonar Tower
    92. Naval Energy Storage
    93. TickTick
    94. SkaterSkater
    95. Naval Energy Storage
    96. SkaterSkater
    97. Naval Energy Storage
    98. SkaterSkater
    99. Wind
    100. SkaterSkater
    101. Advanced ShipyardAdvanced Shipyarddone 12:07
    102. Wind
    103. Naval Radar / Sonar TowerNaval Radar / Sonar Tower
    104. Advanced Metal ExtractorT2 mex
    105. Wind
    106. BermudaRadar jammer ship
    107. Wind
    108. Advanced Construction SubAdvanced Construction Sub
    109. Naval Radar / Sonar TowerNaval Radar / Sonar Tower
    110. VoyagerVoyager
    111. Wind
    112. VoyagerVoyager ×2
    113. HavenHaven
    114. Advanced Metal ExtractorT2 mex
    115. Wind
    116. PaladinCruiserdone 13:33
    117. Naval Advanced Metal ExtractorNaval Advanced Metal Extractordone 13:33
    118. Wind
    119. Advanced ShipyardAdvanced Shipyarddone 13:55
    120. Wind
    121. Naval Advanced Metal ExtractorNaval Advanced Metal Extractor
    122. Wind ×2
    123. PaladinCruiser
    124. Naval Advanced Metal ExtractorNaval Advanced Metal Extractor
    125. Wind
    126. PaladinCruiser
    127. Advanced Geothermal PowerplantAdvanced Geothermal Powerplantnot finished by 15:00
    128. Tidal ×2

Counts are medians over the build's games: half of them build more, half fewer. The example game is Rexalidus's (37 OS, 19/09/2026); pick another.

Team trades

IN AT LEAST 30% OF ITS GAMES

You hand over

  • Wind Turbine2 Wind to Airfirst at 1:41 · in 62% of games

You get

  • Finch1 Finch from Airfirst at 1:51 · in 74% of games
  • Hercules1 Light transport from Airfirst at 2:05 · in 64% of games
  • Advanced Construction Bot1 T2 con bot from Techfirst at 7:42 · in 89% of games

How it plays out

Typical game of this build, running totals by minute

Metal produced

010k20k30k
0:005:0010:0015:00

metal

Enemy metal destroyed

05k10k
0:005:0010:0015:00

metal

Own metal lost

02.5k5k7.5k
0:005:0010:0015:00

metal

778 games.

Show as table
ByMetal produced: This buildEnemy metal destroyed: This buildOwn metal lost: This build
1:0039500
2:0092800
3:00160300
4:002928051
5:00414717574
6:005554541314
7:0071101004646
8:00877617711041
9:001068025461676
10:001296034962273
11:001570846933181
12:001869457873959
13:002186669234765
14:002559380275669
15:002907491296696
WHAT THE NUMBERS SAY

Standard Armada geo sea nearly matches Cortex's economy numbers but wins slightly more often at 53%.

  • + Metal produced reaches 28785 by 15:00, the highest of the sea builds
  • + Own metal lost of 6895 stays well under enemy metal destroyed's 9048
  • − Geothermal only lands in 58% of games by 7:34
  • − T2 factory completes in only 40% of games by 12:43
THE EXAMPLE YOU ARE READING

Rexalidus

36.7 OS · 19/09/2026

Open source match ↗

3 received units · includes a constructor
13 metal received · 30126 energy received

Allied construction assistance is unknown. Timings are observations, not a promise of solo reproducibility.

Typical milestones

Bot Lab1:12Middle 50%: 1:06–1:18 · n=746
Shipyard3:11Middle 50%: 2:50–3:36 · n=767
Eel4:22Middle 50%: 3:41–5:34 · n=464
Corsair5:35Middle 50%: 4:50–6:34 · n=719
Geothermal Powerplant7:45Middle 50%: 6:47–9:10 · n=475
Advanced Metal Extractor9:17Middle 50%: 8:36–10:07 · n=680

Played most by

Optimusprimenutt52games of this buildKingBenjai49games of this build_X_48games of this buildhaaven42games of this buildHummell33games of this build